AoeStats
← [CL] Al3jandr0.magn00

Arabia

505004691Analyzed
1v1 RM · 24d ago on Sep 7, 2026· 23m 7s· 2 players
Game mode
Random Map
Map size
Tiny (2 player)
Population
200
Speed
Normal
Resources
Standard
Victory
Conquest
Starting age
Dark Age
Ending age
Imperial Age
RankedLock teamsTeams togetherTeam positionsShared explorationLock speedFull tech treeHidden civsTurbo modeCheats
Victory
Defeat
🇦🇷 Saracens · Argentina
2282
+4
🇦🇷 Poles · Argentina
1942
-4
DolunaK
6:13 Loom
8:49 Feudal Age
9:41 Double-Bit Axe
17:49 Castle Age
16:27 Gold Mining
17:04 Fletching
18:28 Bodkin Arrow
18:17 Crossbowman
19:37 Bow Saw
20:23 Town Watch
20:25 Horse Collar
[CL] Al3jandr0.magn00
6:54 Loom
9:44 Feudal Age
10:17 Double-Bit Axe
10:43 Horse Collar
15:33 Fletching
18:39 Padded Archer Armor
23:12 Castle Age
Connection lost

Rejoining the realm…

Still unreachable

The connection could not be restored.

Session expired

The server has moved on; the page needs a fresh start.